 Dungeon Crawl Stone Soup version 0.16-a0-3855-gd2600ac (console) character file.

201 Monkaria the Chopper (level 5, -6/46 HPs)
             Began as a Hill Orc Fighter on Jan 31, 2015.
             Mangled by an ogre
             ... wielding a +0 giant spiked club
              (25 damage)
             ... on level 4 of the Dungeon.
             The game lasted 00:03:16 (2134 turns).

Monkaria the Chopper (Hill Orc Fighter)             Turns: 2134, Time: 00:03:16

Health: -6/46      AC:  6    Str: 20    XL:     5   Next: 79%
Magic:  5/5        EV:  7    Int:  8    God:
Gold:   133        SH: 10    Dex: 10    Spells: 0 memorised, 4 levels left

rFire  . . .     SeeInvis .     a - +0 war axe
rCold  . . .     Clarity  .     b - +0 scale mail
rNeg   . . .     SustAb   .     c - +1 shield
rPois  .         Gourm    .     (no helmet)
rElec  .         Spirit   .     (no cloak)
rCorr  .         Warding  .     (no gloves)
rMut   .         Stasis   .     (no boots)
MR     .....                    (no amulet)
Stlth  ..........               (no ring)
                                (no ring)

@: not resistant to hostile enchantments, extremely unstealthy
A: no striking features
a: no special abilities


You were on level 4 of the Dungeon.
You were not hungry.

You visited 1 branch of the dungeon, and saw 4 of its levels.

You collected 133 gold pieces.

Inventory:

Hand weapons
 a - a +0 war axe (weapon)
Armour
 b - a +0 scale mail (worn)
 c - a +1 shield (worn)
Scrolls
 f - 2 scrolls of noise
 u - a scroll of teleportation
Potions
 e - 4 potions of might
 j - a potion of curing
 k - a potion of ambrosia
 l - a potion of brilliance
 m - a potion of lignification
 n - a potion of flight
 r - a potion of agility
 s - 2 potions of poison
 t - a potion of magic {unknown}
 x - a potion of invisibility {unknown}
 z - a potion of cancellation {unknown}
Comestibles
 d - a meat ration
 h - a slice of pizza
 i - a bread ration
 w - 4 chunks of flesh


   Skills:
 - Level 4.1 Fighting
 * Level 7.4 Axes
 - Level 3.2 Armour
 - Level 3.2 Shields


You had 4 spell levels left.
You didn't know any spells.

Dungeon Overview and Level Annotations

Branches:
Dungeon (4/15)
 Temple: D:4-7

Altars:
Vehumet

Annotations:
D:3 Grinder
D:4 Menkaure


Message History

The jackal is moderately wounded.
The jackal bites you. You block the jackal's attack.
The ogre closely misses you. The jackal closely misses you.
The jackal completely misses you.
You hit the ogre.
The ogre is severely wounded.
You hit the jackal.
The jackal is heavily wounded.
You barely miss the hound. You closely miss the jackal.
The jackal is moderately wounded.
You block the hound's attack.
Menkaure calls on the powers of darkness!
The ogre convulses!
The jackal convulses!
The jackal convulses!
Your body is wracked with pain!
The jackal bites you but does no damage.
The jackal barely misses you. You block the jackal's attack.
The hound bites you but does no damage.
The ogre hits you with a giant spiked club!!
Ouch! That really hurt!
You die...

*,,,,,,,,,* *,,,,,,.,,*
**,,,,..,** *,,,,...g,*
*,,,.....,* *,,,......*
***** *,,<......### *,,,,
*,,.....(.hh#######*****,**,
**,,,,,,,,#@...>..#*,,,,,**,
**.......hhO..##.#,,***,,,,
**####.......$(.M,,,,*,,,,
#.......#...,,,,,,,,,
#...........,,,,,,,,.
#.......#..,,,,,,,,..
*******#.......##,,,,,,,,,..
*,,,,*,>.......#****,,*****#
*,,,,,,***##.,,* **,**,,,*


You could see an ogre, Menkaure, a hound, 3 jackals and a hobgoblin.

Vanquished Creatures
  A worker ant (D:4)
  Ijyb (D:2)
  Robin (D:3)
  4 adders (D:2)
  6 worms
  A giant gecko (D:3)
  An ooze (D:1)
  7 orcs (D:3)
  4 bats
  3 giant cockroaches
  11 goblins
  12 hobgoblins
  4 jackals
  3 ball pythons
  A giant newt (D:1)
  4 kobolds
  8 rats
72 creatures vanquished.

Notes
Turn   | Place    | Note
--------------------------------------------------------------
     0 | D:1      | Monkaria, the Hill Orc Fighter, began the quest for the Orb.
     0 | D:1      | Reached XP level 1. HP: 19/19 MP: 1/1
   107 | D:1      | Reached XP level 2. HP: 27/27 MP: 2/2
   414 | D:1      | Reached skill level 4 in Fighting
   519 | D:2      | Reached XP level 3. HP: 14/33 MP: 3/3
  1132 | D:2      | Reached skill level 5 in Axes
  1132 | D:2      | Reached XP level 4. HP: 27/40 MP: 4/4
  1300 | D:2      | Noticed Ijyb
  1314 | D:2      | Killed Ijyb
  1495 | D:2      | Reached skill level 6 in Axes
  1764 | D:3      | Reached XP level 5. HP: 43/46 MP: 5/5
  1880 | D:3      | Found a radiant altar of Vehumet.
  1909 | D:3      | Noticed Robin
  1918 | D:3      | Killed Robin
  2037 | D:3      | Noticed Grinder
  2051 | D:4      | Reached skill level 7 in Axes
  2131 | D:4      | Noticed an ogre
  2133 | D:4      | Noticed Menkaure
  2134 | D:4      | Mangled by an ogre

Action                   |  1- 3 |  4- 6 || total
-------------------------+-------+-------++-------
Melee: War axe           |   101 |   127 ||   228
  Use: Potion            |     1 |       ||     1
       Scroll            |       |    11 ||    11
  Eat: Chunk             |     1 |     3 ||     4
